 Dungeon Sprint DCSS version 0.21-a0-286-g6fcecc0 (webtiles) character file.

24952 potatolord6000 the Peltast (level 13, -3/119 HPs)
             Began as a Formicid Fighter on Sept 26, 2017.
             Was the Champion of Qazlal.
             Slain by a four-headed hydra (5 damage)
             ... in the Dungeon (Sprint VII: "The Pits") on Sept 27, 2017.
             The game lasted 00:09:55 (3028 turns).

potatolord6000 the Peltast (Formicid Fighter)       Turns: 3028, Time: 00:09:55

Health: -3/119     AC: 29    Str: 29    XL:     13   Next: 46%
Magic:  25/25      EV:  8    Int:  8    God:    Qazlal [******]
Gold:   55         SH: 24    Dex: 13    Spells: 12/12 levels left

rFire    . . .     SeeInvis +   r - +4 quarterstaff (speed)
rCold    . . .     Gourm    .   c - +0 shield
rNeg     . . .     Faith    .   s - +5 plate armour
rPois    .         Spirit   .   (helmet unavailable)
rElec    .         Reflect  .   (no cloak)
rCorr    .         Harm     .   t - +1 pair of gloves {archery}
MR       +....                  l - +0 pair of boots
Stlth    ..........             (no amulet)
HPRegen  0.29/turn              b - +3 ring of strength
MPRegen  0.19/turn              d - +3 ring of dexterity

@: protected from physical damage, repel missiles
A: permanent stasis, dig shafts and tunnels, four strong arms, antennae 3
a: Dig, Upheaval, Elemental Force, Disaster Area, Renounce Religion


You were in the Dungeon.
You worshipped Qazlal.
Qazlal was exalted by your worship.
You were not hungry.

You visited 1 branch You collected 55 gold pieces.

Inventory:

Hand Weapons
 r - a +4 quarterstaff of speed (weapon)
Armour
 c - a +0 shield (worn)
 l - a +0 pair of boots (worn)
 s - a +5 plate armour (worn)
 t - a +1 pair of gloves of archery (worn)
Jewellery
 b - a +3 ring of strength (left hand)
 d - a +3 ring of dexterity (right hand)
Scrolls
 k - a scroll of fog
 m - 5 scrolls of remove curse
 n - 5 scrolls of amnesia
 o - a scroll of summoning
 v - a scroll of recharging
 w - a scroll of fear
 x - a scroll of identify
Potions
 a - 2 potions of invisibility
 e - 7 potions of curing
 g - 7 potions of heal wounds
 i - 3 potions of magic
 p - 3 potions of resistance
 q - a potion of brilliance
 u - a potion of might
Comestibles
 f - 12 bread rations
 h - 41 fruits
 j - 7 meat rations


   Skills:
 + Level 16.4 Fighting
 + Level 15.0 Staves
 + Level 16.4 Armour
 + Level 17.7 Shields
 + Level 17.3 Invocations


You had 12 spell levels left.
You didn't know any spells.

Dungeon Overview and Level Annotations

Branches:
Dungeon (1/1)

Altars:
Ashenzari
Cheibriados
Dithmenos
Elyvilon
Fedhas
Gozag
Hepliaklqana
Kikubaaqudgha
Makhleb
Nemelex Xobeh
Okawaru
Qazlal
Ru
Sif Muna
Trog
Uskayaw
Vehumet
Wu Jian
Xom
Yredelemnul
Zin
The Shining One
Beogh
Jiyva
Lugonu

Annotations:
D Nergalle


Innate Abilities, Weirdness & Mutations

You cannot be hasted, slowed, berserked, paralysed or teleported.
You can dig through walls and to a lower floor.
Your four strong arms can wield two-handed weapons with a shield.
You have a pair of large antennae on your head. (SInv)


Message History

You hit the large abomination.
The large abomination is almost destroyed.
Unknown command.
You hit the large abomination but do no damage.
The large abomination is almost destroyed.
You block the four-headed hydra's attack. x2
The four-headed hydra bites you but does no damage.
You block the four-headed hydra's attack.
Unknown command.
Unknown command.
You closely miss the large abomination.
The large abomination is almost destroyed.
You block the large abomination's attack.
Unknown command.
You bludgeon the large abomination!!
You destroy the large abomination!
Qazlal accepts your kill.
You block the four-headed hydra's attack. x2
The four-headed hydra bites you.
You die... ##### ###########. {{{{ #... .........''. {{{{ #... .........''. {{{{ #..################..##. {{{{ #..##†#u#e#o# #..##. {{{{{{{ #..#.#{#{#Z#{ { { #..##. {{{{{{{ #..†#X#{#3# { {#..### {{{{{{{ #..#.#D#Y#{ { { #..### {{{{{{{

#..##H#@#.# #..##.
#..################..##.
##########....................##.
_______.##....................##
_______.###########++##########
_____...###########++##########
#######'##................##..#
(.')))'.##......#..#......##..#
#######.##................''..#


You could see a four-headed hydra, a soul eater, Nergalle, a large abomination,
a dream sheep and a quokka skeleton.

Vanquished Creatures
  A fire giant (D)
  A minotaur (D)
  A mummy priest (D)
  An ogre mage (D)
  An ice dragon (D)
  A spriggan air mage (D)
  A dancing weapon (D)
  6 two-headed ogres (D)
  An orc high priest (D)
  A sun demon (D)
  A deep elf knight (D)
  2 unseen horrors (D)
  2 deep trolls (D)
  A phantasmal warrior (D)
  An orc sorcerer (D)
  2 deep elf magi (D)
  A cyclops (D)
  Joseph (D)
  3 black mambas (D)
  A molten gargoyle (D)
  An orange demon (D)
  A smoke demon (D)
  A yaktaur (D)
  3 efreet (D)
  A guardian mummy (D)
  A demonic crawler (D)
  2 kobold demonologists (D)
  2 hellwings (D)
  A jumping spider (D)
  A hornet (D)
  A troll (D)
  Grinder (D)
  A bog body (D)
  5 dream sheep (D)
  A large abomination (D)
  2 snapping turtles (D)
  A wyvern (D)
  3 redbacks (D)
  2 spriggans (D)
  A ynoxinul (D)
  A hungry ghost (D)
  A warg (D)
  An acid dragon (D)
  A soldier ant (D)
  A water moccasin (D)
  A floating eye (D)
  A porcupine (D)
  An eye of draining (D)
  An ice beast (D)
  2 orc warriors (D)
  An eye of draining (shapeshifter) (D)
  2 ogres (D)
  A crocodile (D)
  2 small abominations (D)
  3 big kobolds (D)
  3 killer bees (D)
  A wight (D)
  A crimson imp (D)
  An orc priest (D)
  2 orc wizards (D)
  A hell rat (D)
  A worker ant (D)
  A gnoll (D)
  An adder (D)
  An ufetubus (D)
  An ooze (D)
  A worm (D)
  2 leopard geckos (D)
  2 orcs (D)
  A bat zombie (D)
  A hobgoblin (D)
  A quokka (D)
  2 ball pythons (D)
  A bat (D)
  2 bat simulacra (D)
  A frilled lizard (D)
  4 kobolds (D)
  A leopard gecko zombie (D)
115 creatures vanquished.

Vanquished Creatures (collateral kills)
  A deep elf mage (D)
  A wolf (D)
  A leopard gecko (D)
3 creatures vanquished.

Vanquished Creatures (others)
  An orc (D)
1 creature vanquished.

Grand Total: 119 creatures vanquished

Notes
Turn   | Place    | Note
-------+----------+-------------------------------------------
     0 | D        | potatolord6000 the Formicid Fighter began the quest for the Orb.
     0 | D        | Reached XP level 1. HP: 18/18 MP: 1/1
    50 | D        | Found a bloodstained altar of Trog.
    50 | D        | Found a deep blue altar of Sif Muna.
    50 | D        | Found a viscous altar of Jiyva.
    50 | D        | Found a hazy altar of Hepliaklqana.
    50 | D        | Found an opulent altar of Gozag.
    51 | D        | Found a glowing golden altar of the Shining One.
    51 | D        | Found a glowing silver altar of Zin.
    51 | D        | Found a basalt altar of Yredelemnul.
    51 | D        | Found a shimmering altar of Xom.
    51 | D        | Found an ornate altar of the Wu Jian Council.
    51 | D        | Found a sacrificial altar of Ru.
    51 | D        | Found a stormy altar of Qazlal.
    51 | D        | Found an iron altar of Okawaru.
    51 | D        | Found a sparkling altar of Nemelex Xobeh.
    51 | D        | Found a burning altar of Makhleb.
    51 | D        | Found a blossoming altar of Fedhas.
    51 | D        | Found a white marble altar of Elyvilon.
    51 | D        | Found a shadowy altar of Dithmenos.
    51 | D        | Found a snail-covered altar of Cheibriados.
    53 | D        | Found a radiant altar of Vehumet.
    53 | D        | Found a corrupted altar of Lugonu.
    53 | D        | Found a roughly hewn altar of Beogh.
    55 | D        | Found an ancient bone altar of Kikubaaqudgha.
    55 | D        | Found a hide-covered altar of Uskayaw.
    55 | D        | Found a shattered altar of Ashenzari.
    62 | D        | Became a worshipper of Qazlal Stormbringer
    86 | D        | Reached skill level 1 in Invocations
    86 | D        | Reached XP level 2. HP: 15/25 MP: 1/3
   298 | D        | Reached * piety under Qazlal
   307 | D        | Reached skill level 5 in Shields
   307 | D        | Reached XP level 3. HP: 28/32 MP: 3/5
   395 | D        | Reached ** piety under Qazlal
   403 | D        | Reached skill level 5 in Fighting
   403 | D        | Reached skill level 5 in Armour
   403 | D        | Reached XP level 4. HP: 33/39 MP: 6/6
   481 | D        | Noticed a warg
   481 | D        | Noticed a hungry ghost
   484 | D        | Noticed Grinder
   487 | D        | Killed a hungry ghost
   487 | D        | Reached *** piety under Qazlal
   487 | D        | Reached skill level 5 in Staves
   487 | D        | Reached skill level 5 in Invocations
   487 | D        | Reached XP level 5. HP: 47/47 MP: 6/9
   487 | D        | Reached XP level 6. HP: 53/53 MP: 6/10
   513 | D        | Killed a warg
   520 | D        | Killed Grinder
   520 | D        | Reached XP level 7. HP: 42/63 MP: 10/12
   634 | D        | Reached **** piety under Qazlal
   637 | D        | Noticed a phantasmal warrior
   662 | D        | Killed a phantasmal warrior
   662 | D        | Reached skill level 10 in Shields
   662 | D        | Reached XP level 8. HP: 31/71 MP: 12/14
   932 | D        | Reached skill level 10 in Fighting
   932 | D        | Reached XP level 9. HP: 39/78 MP: 16/16
  1181 | D        | Noticed a black mamba
  1182 | D        | Noticed a deep elf mage
  1193 | D        | Killed a black mamba
  1193 | D        | Reached skill level 10 in Armour
  1193 | D        | Reached skill level 10 in Invocations
  1196 | D        | Noticed an ice devil
  1197 | D        | Killed a deep elf mage
  1221 | D        | Noticed a deep troll
  1222 | D        | Noticed a guardian mummy
  1223 | D        | Noticed a deep elf mage
  1234 | D        | Killed a deep troll
  1234 | D        | Reached skill level 10 in Staves
  1235 | D        | Reached ***** piety under Qazlal
  1237 | D        | Killed a deep elf mage
  1237 | D        | Reached XP level 10. HP: 45/88 MP: 12/18
  1240 | D        | Noticed a deep elf mage
  1241 | D        | Noticed an orc sorcerer
  1241 | D        | HP: 1/88 [deep elf mage/bolt of lightning (33)]
  1248 | D        | Killed a deep elf mage
  1254 | D        | Noticed a kobold demonologist
  1255 | D        | Killed an orc sorcerer
  1262 | D        | Noticed a kobold demonologist
  1262 | D        | Noticed an efreet
  1263 | D        | Reached ****** piety under Qazlal
  1263 | D        | Killed a kobold demonologist
  1263 | D        | Killed a kobold demonologist
  1277 | D        | Killed an efreet
  1279 | D        | Noticed a deep elf knight
  1300 | D        | Killed a deep elf knight
  1300 | D        | Reached XP level 11. HP: 47/96 MP: 5/20
  1411 | D        | Noticed an orc high priest
  1424 | D        | Killed an orc high priest
  1674 | D        | Noticed a spriggan air mage
  1677 | D        | Killed a spriggan air mage
  1829 | D        | Noticed Joseph
  1838 | D        | Noticed a two-headed ogre
  1839 | D        | Noticed a cyclops
  1846 | D        | Reached skill level 15 in Shields
  1846 | D        | Killed a cyclops
  1846 | D        | Killed a two-headed ogre
  1846 | D        | Reached XP level 12. HP: 15/107 MP: 14/23
  1847 | D        | Killed Joseph
  1853 | D        | Noticed an unseen horror
  1884 | D        | Killed an unseen horror
  1884 | D        | Reached skill level 15 in Invocations
  2312 | D        | Noticed an unseen horror
  2319 | D        | Killed an unseen horror
  2337 | D        | Noticed a sun demon
  2352 | D        | Killed a sun demon
  2556 | D        | Noticed a two-headed ogre
  2558 | D        | Noticed a two-headed ogre
  2559 | D        | Noticed an ogre mage
  2560 | D        | Noticed a two-headed ogre
  2563 | D        | Noticed a two-headed ogre
  2564 | D        | Killed an ogre mage
  2565 | D        | Noticed a two-headed ogre
  2565 | D        | Noticed a deep troll
  2565 | D        | Killed a two-headed ogre
  2565 | D        | Reached skill level 15 in Fighting
  2565 | D        | Reached skill level 15 in Armour
  2565 | D        | Killed a two-headed ogre
  2567 | D        | Killed a two-headed ogre
  2567 | D        | Killed a two-headed ogre
  2580 | D        | Killed a deep troll
  2597 | D        | Killed a two-headed ogre
  2708 | D        | Noticed a mummy priest
  2708 | D        | Noticed an ice dragon
  2708 | D        | Noticed a fire giant
  2709 | D        | Reached XP level 13. HP: 116/116 MP: 22/25
  2711 | D        | Killed a mummy priest
  2720 | D        | Killed an ice dragon
  2736 | D        | Killed a fire giant
  2969 | D        | Noticed a four-headed hydra
  2981 | D        | Noticed a minotaur
  2983 | D        | Killed a minotaur
  3010 | D        | Noticed Nergalle
  3021 | D        | Reached skill level 15 in Staves
  3023 | D        | HP: 1/119 [four-headed hydra (5)]
  3028 | D        | Slain by a four-headed hydra

Vault maps used:
D:        pitsprint

Skill      XL: |  1  2  3  4  5  6  7  8  9 10 11 12 13 |
---------------+----------------------------------------+-----
Fighting       | 4 5 6 8 9 10 11 12 14 15 16 | 16.4
Armour         | 4 5 6 8 9 11 12 14 15 16 | 16.4
Shields        | 4 5 7 8 10 12 13 15 16 17 | 17.7
Invocations    | 1 2 3 5 7 9 11 13 14 16 17 | 17.3
Staves         | 3 4 5 7 8 10 11 12 14 15 | 15.0

Action                   |  1- 3 |  4- 6 |  7- 9 | 10-12 | 13-15 || total
-------------------------+-------+-------+-------+-------+-------++-------
Melee: Quarterstaff      |    30 |    30 |    74 |   177 |    95 ||   406
Invok: Upheaval          |       |       |     5 |     9 |     3 ||    17
       Elemental Force   |       |       |     1 |       |       ||     1
       Disaster Area     |       |       |       |     4 |       ||     4
 Abil: Dig               |     1 |       |       |       |       ||     1
  Use: Potion            |       |     3 |     5 |     5 |       ||    13
       Scroll            |       |       |       |     2 |       ||     2
  Eat: Meat ration       |       |       |     2 |       |       ||     2
Armor: Scale mail        |     3 |       |       |       |       ||     3
       Chain mail        |       |    30 |     7 |       |       ||    37
       Plate armour      |       |       |    11 |    49 |    27 ||    87
Dodge: Dodged            |    11 |    14 |    10 |    28 |    19 ||    82
       Deflected         |       |       |       |     2 |       ||     2
Block: Shield            |    24 |    54 |    52 |   189 |    83 ||   402

Table legend:
 A = Spawn XP
 B = Non-spawn XP
 C = Spawn XP percentage of total XP
 D = Spawn monster count
 E = Non-spawn monster count
 F = Spawn count percentage of total count
 G = Total turns spent on level
                    A         B        C        D         E        F      G
               +---------+---------+-------+---------+---------+-------+---------
         Total |       0 |   35646 |   0.0 |       0 |     118 |   0.0 |  3028
               +---------+---------+-------+---------+---------+-------+---------
             D |       0 |   35646 |   0.0 |       0 |     118 |   0.0 |  3028
               +---------+---------+-------+---------+---------+-------+---------
